 Dungeon Crawl Stone Soup version 0.31-a0-868-g674d60d6f7 (webtiles) character file.

Game seed: 8673206734850442031

204637 Mulqof the Cruncher (level 17, -2/149 HPs)
             Began as a Demigod Brigand on Sept 22, 2022.
             Killed by the air
             ... invoked by a wind drake
              (16 damage)
             ... on level 2 of the Shoals on Oct 11, 2023.
             The game lasted 02:03:56 (37061 turns).

Mulqof the Cruncher (Demigod Brigand)              Turns: 37061, Time: 02:03:56

Health: -2/149     AC: 37    Str: 30    XL:     17   Next: 39%
Magic:  30/33      EV: 15    Int: 16    God:
Gold:   1220       SH:  0    Dex: 19    Spells: 9/31 levels left

rFire   . . .        a - +6 lajatang (speed)
rCold   . . .        (shield currently unavailable)
rNeg    + + +        K - +10 plate armour {ponderous}
rPois   +            k - +2 hat {Int+3}
rElec   +            c - +1 cloak
rCorr   .            y - +2 pair of gloves {infuse}
SInv    .            J - +2 pair of boots
Will    ++...        l - amulet of regeneration Stlth
                     i - ring of Contentment {rElec rPois rN+++ Str+6 Dex-4, =R}
HPRegen 1.24/turn    Z - ring of willpower
MPRegen 0.23/turn

%: infuse magic (1 MP)
@: about to teleport, mesmerised, very slow
A: high MP 1, forlorn, divine attributes
}: 1/15 runes: serpentine
a: no special abilities


You were on level 2 of the Shoals.
You visited 5 branches of the dungeon, and saw 28 of its levels.

You collected 3342 gold pieces.
You spent 2122 gold pieces at shops.

Inventory:

Hand Weapons
 a - a +6 lajatang of speed (weapon)
 b - a +4 eveningstar of flaming
Missiles
 h - 35 boomerangs (quivered)
 A - 2 curare-tipped darts
 S - 3 silver javelins
 V - 20 javelins
 X - 4 poisoned darts
Armour
 c - a +1 cloak (worn)
 k - a +2 hat of intelligence (worn)
 y - a +2 pair of gloves of infusion (worn)
 J - a +2 pair of boots (worn)
 K - a +10 plate armour of ponderousness (worn)
Jewellery
 i - the ring of Contentment (left hand) {rElec rPois rN+++ Str+6 Dex-4, =R}
   (You bought it in a shop on level 8 of the Dungeon)

   [ring of strength]

   Str+6:     It affects your strength (+6).
   Dex-4:     It affects your dexterity (-4).
   rElec:     It insulates you from electricity.
   rPois:     It protects you from poison rN+++: It renders you almost immune to
   negative energy.
 l - an amulet of regeneration (around neck)
 D - a +4 ring of slaying
 L - a ring of positive energy
 Q - a ring of protection from fire
 U - a ring of protection from cold
 Y - a ring of see invisible
 Z - a ring of willpower (right hand)
Wands
 d - a wand of digging (6)
 e - a wand of quicksilver (5)
 f - a wand of flame (23)
 r - a wand of mindburst (10)
 C - a wand of charming (27)
 M - a wand of roots (2)
 W - a wand of polymorph (8)
Scrolls
 m - 4 scrolls of vulnerability
 n - 2 scrolls of poison
 o - 3 scrolls of fog
 q - 3 scrolls of blinking
 z - 3 scrolls of immolation
 E - 8 scrolls of teleportation
 N - 2 scrolls of revelation
 O - 11 scrolls of identify
Potions
 j - 2 potions of berserk rage
 p - a potion of enlightenment
 s - 3 potions of magic
 t - 15 potions of curing
 u - 5 potions of brilliance
 x - a potion of lignification
 B - 3 potions of haste
 G - 2 potions of mutation
 H - a potion of resistance
 I - 2 potions of might
 P - 5 potions of attraction
 R - a potion of cancellation
Miscellaneous
 g - a phantom mirror
 v - a lightning rod (4/4)
 F - a phial of floods


   Skills:
 - Level 13.0 Fighting
 - Level 10.0 Short Blades
 - Level 7.4(11.2) Maces & Flails
 - Level 13.2(14.0) Staves
 - Level 2.0 Throwing
 - Level 12.0 Armour
 - Level 12.0 Dodging
 - Level 5.0 Stealth
 - Level 5.0 Shields
 + Level 7.6 Spellcasting
 + Level 9.5 Necromancy
 - Level 5.0 Evocations


You had 9 spell levels left.
You knew the following spells:

 Your Spells              Type           Power      Damage    Failure   Level
a - Apportation           Tloc           12%        N/A       58%         1
b - Sublimation of Blood  Necr           36%        N/A       2%          2
c - Dispel Undead         Necr           36%        3d15      14%         4
d - Animate Dead          Necr           36%        N/A       14%         4
e - Death Channel         Necr           18%        N/A       92%         6
f - Borgnjor's Vile Clut  Necr/Erth      10%        N/A       96%         5

Your spell library contained the following spells:

 Spells                   Type           Power      Damage    Failure   Level
 Kiss of Death            Conj/Necr      84%        2d11      11%         1
 Foxfire                  Conj/Fire      24%        2x1d5     58%         1
 Magic Dart               Conj           24%        1d4       58%         1
 Summon Small Mammal      Summ           24%        N/A       58%         1
 Call Imp                 Summ           12%        N/A       75%         2
 Ensorcelled Hibernation  Hex/Ice        12%        N/A       75%         2
 Lesser Beckoning         Tloc           12%        N/A       75%         2
 Passwall                 Tmut/Erth      5%         N/A       75%         2
 Call Canine Familiar     Summ           6%         N/A       92%         3
 Confusing Touch          Hex            6%         N/A       92%         3
 Gell's Gravitas          Tloc           6%         N/A       92%         3
 Hailstorm                Conj/Ice       6%         3d4       92%         3
 Inner Flame              Hex/Fire       6%         N/A       92%         3
 Mephitic Cloud           Conj/Pois/Air  6%         N/A       92%         3
 Summon Guardian Golem    Hex/Summ       6%         N/A       92%         3
 Swiftness                Air            6%         N/A       92%         3
 Teleport Other           Tloc           6%         N/A       92%         3
 Tukima's Dance           Hex            6%         N/A       92%         3
 Cause Fear               Hex            3%         N/A       100%        4
 Dimensional Bullseye     Hex/Tloc       3%         N/A       100%        4
 Flame Wave               Conj/Fire      6%         2d5       100%        4
 Fulminant Prism          Conj/Hex       3%         3d5       100%        4
 Iskenderun's Mystic Bla  Conj/Tloc      6%         2d4       100%        4
 Petrify                  Tmut/Erth      6%         N/A       100%        4
 Sticky Flame             Conj/Fire      6%         2d3       100%        4
 Alistair's Intoxication  Tmut/Pois      4%         N/A       100%        5
 Irradiate                Conj/Tmut      3%         3d12      100%        5
 Plasma Beam              Fire/Air       3%         2x1d13    100%        6
 Simulacrum               Ice/Necr       10%        N/A       100%        6
 Starburst                Conj/Fire      3%         6d3       100%        6


Dungeon Overview and Level Annotations

Branches:
Dungeon (15/15) Zot: 24720  Temple (0/1) D:5            Lair (5/5) D:8 Zot: 23252
 Shoals (2/4) Lair:2 Zot: 11033   Snake (4/4) Lair:3 Zot: 17006   Slime (0/5) Lair:5
    Orc (2/2) D:12 Zot: 9900     Elf (0/3) Orc:2        Vaults (0/5) D:13
 Depths (0/4) D:15

Shops:
D:8 ?[==:   Orc:2 [([[   Snake:4 *

Portals:
Trove: D:11 (give 14 potions of heal wounds)

Annotations:
D:8 1 transporter
Lair:3 exclusions: 4 oklob plants and upstairs
Shoals:1 1 runed translucent door, Jullin's ghost, adept MiBe


Innate Abilities, Weirdness & Mutations

You have an increased reservoir of magic. (+10% MP)
You shall have no god before yourself.
Your divine heritage dramatically boosts your attributes as you level up.


Message History

Press: ? - help, v - describe, . - travel
Here: a merfolk siren, wielding a +0 spear (mesmerising) Some shallow water.
As you read the scroll of teleportation, it crumbles to dust.
You feel strangely unstable. The merfolk impaler misses you.
Your water nymph closely misses the merfolk aquamancer.
Your merfolk impaler hits the merfolk aquamancer with a +0 trident!!
The water elemental hits you.
The merfolk siren chants its luring song.
The harpy barely misses you. The harpy closely misses you.
The merfolk impaler closely misses you. The harpy claws you but does no damage.
The harpy barely misses you.
The water nymph points at you and mumbles some strange words.
The water swirls and strikes you.
Your wind drake flaps its wings at the merfolk aquamancer.
The air twists around and strikes the merfolk aquamancer!
A skyshark comes into view.
Your skyshark bites the merfolk.
Your skyshark tastes blood and grows stronger!
Your skyshark tail-slaps the merfolk.
Your skyshark misses the merfolk.
The merfolk impaler hits you with a +1 trident of flaming.
* * * LOW HITPOINT WARNING * * *
The merfolk impaler burns you.
* * * LOW HITPOINT WARNING * * *
The water elemental attacks as it pursues you!
The water elemental closely misses you.
The merfolk aquamancer hits your merfolk impaler with a +2 rapier of freezing!
The merfolk aquamancer freezes your merfolk impaler.
The merfolk siren chants its luring song.
The merfolk impaler hits you with a +1 trident of flaming.
* * * LOW HITPOINT WARNING * * *
The merfolk impaler burns you.
* * * LOW HITPOINT WARNING * * *
The water nymph points at you and mumbles some strange words.
The water swirls and strikes you.
* * * LOW HITPOINT WARNING * * *
The wind drake flaps its wings at you. The air twists around and strikes you!
You die...

≈≈....~..§§§§.....
≈≈....~.#....#...~~~~~
≈≈....~........l~~~~~~
..#...[~≈≈≈≈~~~~/~~~~~
.......$~≈≈E~~~~~~~~~≈
$~(.....~~≈~~~~~~~~≈≈≈
~~.........~~~~m~~≈≈≈≈
~.~....~~...m~m~≈≈≈≈≈≈
..~.}####~.l†E@~≈≈≈≈≈≈
.... ##~.k~~~≈≈≈≈≈≈
### ###mm~~~~~≈≈≈≈≈≈
#~~m~.~~H~~≈≈≈≈≈
~~.~mmk###.~~~~≈≈≈≈
~~~~.~~. ..~~~~≈≈≈≈
~~~.... ..~~~~≈≈≈≈
~~~~.~~ ..~~~~~~~≈≈
~~~~~~~ ~~~~~


You could see a merfolk impaler, a skyshark, a merfolk aquamancer (distracted,
ally target), a wind drake (repels missiles), a merfolk (ally target), 2 water
elementals, a merfolk siren (mesmerising), a water nymph, a harpy (ally target),
a friendly merfolk impaler (summoned), a friendly skyshark (summoned, strong), a
friendly wind drake (summoned, repels missiles), a friendly merfolk (summoned)
and a friendly water nymph (summoned).

Vanquished Creatures
  A sphinx (D:11)
  Gastronok (Lair:2)
  13 nagarajas
  Aizul (Snake:1)
  An orc warlord (Orc:2)
  Azrael (D:12)
  Snorg (D:13)
  A fire dragon (D:11)
  Josephine (Lair:5)
  A rakshasa (D:15)
  3 hydras
  4 salamander tyrants
  15 anacondas
  Erolcha (Orc:1)
  A catoblepas (Lair:5)
  2 ogre magi (D:15)
  The ghost of Ecaiwiergh the Ripper, a journeyman FeCK of Xom (Orc:1)
  3 boulder beetles
  7 centaur warriors
  6 death yaks (Lair:5)
  22 naga warriors
  12 two-headed ogres
  A deep troll shaman (Lair:5)
  2 tengu warriors
  17 naga sharpshooters
  3 orc high priests (Orc:2)
  6 shock serpents
  Urug (Orc:2)
  Nergalle (Lair:2)
  A fire crab (Lair:5)
  Lodul (D:11)
  4 skeletal warriors (D:13)
  2 skysharks
  3 sea snakes
  5 salamander mystics
  5 naga ritualists
  A glowing orange brain (D:15)
  2 lindwurms (Lair:5)
  A wizard (D:15)
  A lindwurm (shapeshifter) (D:14)
  A deep elf zephyrmancer (Orc:2)
  7 harpies
  A necromancer (D:13)
  11 mana vipers
  4 orc knights
  23 ugly things
  4 fauns (Shoals:1)
  2 deep elf pyromancers
  13 elephants
  Maurice (Orc:2)
  7 cyclopes
  21 salamanders
  4 manticores
  A merfolk siren (Lair:2)
  2 torpor snails (Lair:3)
  A gargoyle (D:12)
  38 black mambas
  7 guardian serpents
  14 naga magi
  5 kobold demonologists
  15 cane toads
  3 unseen horrors
  A freezing wraith (D:14)
  5 rime drakes
  6 komodo dragons
  An efreet (D:13)
  3 meliai
  2 merfolk (Shoals:1)
  4 polar bears
  9 trolls
  7 hornets
  A wind drake (Shoals:1)
  8 blink frogs
  8 slime creatures
  A snapping turtle (Shoals:2)
  A water elemental (Shoals:1)
  7 wyverns
  2 vampires
  42 yaks
  2 shadows
  5 basilisks
  3 fire elementals (D:12)
  7 wraiths
  13 vampire mosquitoes
  2 steam dragons
  4 wargs
  3 acid dragons
  49 nagas
  2 hell hounds (D:12)
  A hornet zombie (D:6)
  7 water moccasins
  A swamp drake (Orc:2)
  4 black bears
  2 ice beasts (D:6)
  23 orc warriors
  3 sky beasts
  15 ogres
  10 centaurs
  9 wolves
  3 kobold brigands (D:9)
  15 bullfrogs
  9 scorpions
  A wyvern zombie (D:6)
  2 necrophages
  4 wights
  7 jellies
  2 electric eels
  5 howler monkeys
  A crimson imp (Orc:2)
  A centaur zombie (D:6)
  A jelly (shapeshifter) (D:15)
  2 bullfrog zombies (D:6)
  5 hounds
  A gnoll bouda (D:10)
  17 orc priests
  An iron imp (Orc:2)
  5 iguanas
  26 orc wizards
  A killer bee zombie (D:6)
  3 gnolls
  5 adders
  2 shadow imps
  3 white imps
  An ufetubus (D:5)
  2 worms
  A dart slug (D:3)
  91 orcs
  4 ball pythons
  6 bats
  21 endoplasms
  A giant cockroach (D:3)
  5 goblins
  10 hobgoblins
  8 jackals
  17 kobolds
  A quokka (D:1)
  3 frilled lizards
  A rat (D:1)
908 creatures vanquished.

Vanquished Creatures (collateral kills)
  2 naga warriors (Snake:4)
  A two-headed ogre (D:8)
  A shock serpent (Snake:1)
  3 wraiths (Lair:5)
  3 yaks (Lair:5)
  A warg (Orc:2)
  2 orc warriors
  An orc (D:7)
14 creatures vanquished.

Vanquished Creatures (others)
  A fire giant (D:10)
  A hornet (Lair:5)
  A centaur (D:13)
  An orc wizard (Orc:2)
  3 naga zombies (Snake:4)
7 creatures vanquished.

Grand Total: 929 creatures vanquished

Notes
Turn   | Place    | Note
-------+----------+-------------------------------------------
     0 | D:1      | Mulqof the Demigod Brigand began the quest for the Orb.
     0 | D:1      | Reached XP level 1. HP: 17/17 MP: 3/3
   508 | D:1      | Reached XP level 2. HP: 24/24 MP: 4/4
  1320 | D:2      | Reached XP level 3. HP: 29/29 MP: 5/5
  1388 | D:2      | Reached skill level 1 in Dodging
  2388 | D:3      | Reached XP level 4. HP: 18/36 MP: 6/6
  2829 | D:4      | Noticed an ogre
  2838 | D:4      | Killed an ogre
  2839 | D:4      | Reached XP level 5. HP: 41/41 MP: 7/7
  3115 | D:4      | Reached skill level 5 in Short Blades
  3407 | D:4      | Reached XP level 6. HP: 28/48 MP: 8/8
  4911 | D:5      | Entered Level 5 of the Dungeon
  4979 | D:5      | Found a staircase to the Ecumenical Temple.
  5416 | D:5      | Reached XP level 7. HP: 43/55 MP: 9/9
  6137 | D:5      | Reached skill level 5 in Stealth
  6520 | D:5      | Upgraded the game from 0.30-a0-137-gd8773701ce to
                  | 0.30-a0-140-gd1020e658a
  6644 | D:3      | Reached XP level 8. HP: 61/61 MP: 10/10
  8170 | D:6      | Noticed a slime creature
  8176 | D:6      | Killed a slime creature
  8954 | D:7      | Noticed a hornet
  8973 | D:7      | Identified the +8 hand axe of the Boiling Point {vorpal,
                  | Str+4 Dex+2}
  8997 | D:6      | Reached XP level 9. HP: 33/71 MP: 11/11
  9226 | D:7      | Reached skill level 10 in Short Blades
 10992 | D:8      | Found Luazxepo's Book Boutique.
 11050 | D:8      | Reached skill level 1 in Shields
 11063 | D:8      | Reached skill level 5 in Fighting
 11063 | D:8      | Reached skill level 5 in Dodging
 11078 | D:8      | Found Buubb's Jewellery Boutique.
 11214 | D:8      | Reached skill level 1 in Armour
 11681 | D:8      | Found Jahugucu's Jewellery Shop.
 11690 | D:8      | Bought an amulet of regeneration for 360 gold pieces
 11696 | D:8      | Found Uthryedeo's Antique Armour Boutique.
 11784 | D:8      | Found Isufyt's Magic Scroll Boutique.
 11793 | D:8      | Bought a scroll of blinking for 112 gold pieces
 11960 | D:8      | Noticed a two-headed ogre
 11985 | D:8      | Killed a two-headed ogre
 11986 | D:8      | Reached XP level 10. HP: 83/83 MP: 13/13
 12017 | D:8      | Found a transporter.
 12017 | D:8      | Noticed a catoblepas
 12018 | D:8      | Noticed a cyclops
 12055 | D:8      | Noticed a two-headed ogre
 12142 | D:8      | Found a staircase to the Lair.
 12164 | Lair:1   | Entered Level 1 of the Lair of Beasts
 12364 | D:8      | Reached skill level 5 in Shields
 12381 | D:8      | Reached skill level 5 in Armour
 13011 | Lair:1   | Noticed a black mamba
 13022 | Lair:1   | Killed a black mamba
 13330 | Lair:2   | Noticed an elephant
 13347 | Lair:2   | Reached XP level 11. HP: 66/89 MP: 14/14
 13403 | Lair:2   | Noticed Gastronok
 13594 | Lair:2   | Noticed Nergalle
 13744 | Lair:1   | Reached skill level 1 in Maces & Flails
 13802 | Lair:1   | Upgraded the game from 0.30-a0-140-gd1020e658a to
                  | 0.30-a0-159-g068b764562
 13802 | Lair:1   | Upgraded the game from 0.30-a0-159-g068b764562 to
                  | 0.30-a0-743-gbfdf073431
 13802 | Lair:1   | Upgraded the game from 0.30-a0-743-gbfdf073431 to
                  | 0.30-a0-760-g5a9884bb7c
 13802 | Lair:1   | Upgraded the game from 0.30-a0-760-g5a9884bb7c to
                  | 0.31-a0-145-g046c7d2549
 13804 | Lair:1   | Upgraded the game from 0.31-a0-145-g046c7d2549 to
                  | 0.31-a0-844-gdc52ec4e09
 13811 | Lair:1   | Upgraded the game from 0.31-a0-844-gdc52ec4e09 to
                  | 0.31-a0-851-g7ff8af7976
 14177 | Lair:2   | Noticed an eight-headed hydra
 14271 | Lair:3   | Noticed a skyshark
 14297 | Lair:3   | Killed a skyshark
 14550 | Lair:3   | Reached skill level 1 in Necromancy
 14985 | Lair:3   | Found a staircase to the Snake Pit.
 15493 | Lair:3   | Noticed an eight-headed hydra
 15532 | Lair:2   | Reached skill level 10 in Armour
 15578 | Lair:2   | Killed an eight-headed hydra
 15826 | Lair:3   | Reached XP level 12. HP: 68/100 MP: 15/15
 15934 | Lair:3   | Reached skill level 5 in Maces & Flails
 16172 | Lair:4   | You fall into a shaft and drop 1 floor!
 16172 | Lair:5   | Entered Level 5 of the Lair of Beasts
 16172 | Lair:5   | Found a staircase to the Slime Pits.
 16357 | Lair:5   | Noticed Josephine
 16367 | Lair:5   | Killed Josephine
 16551 | Lair:5   | Reached skill level 1 in Staves
 16802 | Lair:5   | Reached skill level 5 in Staves
 16984 | Lair:5   | Paralysed by a hornet for 1 turns
 17250 | Lair:5   | Noticed a catoblepas
 17301 | Lair:5   | Killed a catoblepas
 17309 | Lair:5   | Reached XP level 13. HP: 84/105 MP: 16/16
 18271 | Lair:3   | Learned a level 1 spell: Apportation
 18503 | Lair:2   | Found a staircase to the Shoals.
 18572 | Lair:2   | Killed Gastronok
 18573 | Lair:2   | Reached skill level 10 in Staves
 18593 | Lair:2   | Killed Nergalle
 19448 | D:10     | Entered Level 10 of the Dungeon
 19698 | D:10     | Found the +5 robe of Misfortune {Harm *Corrode *Slow EV+5}
 20044 | D:10     | Identified the +1 ring mail of the Devil's Advocate {Str+3
                  | Dex+6}
 20191 | D:11     | Got a dog-eared book
 20553 | D:11     | Found a portal to a secret trove of treasure.
 20657 | D:11     | Noticed a fire giant
 20830 | D:10     | Killed a fire giant
 21036 | D:11     | Noticed a sphinx
 21047 | D:11     | Killed a sphinx
 21706 | D:12     | Noticed Lodul
 21769 | D:11     | Killed Lodul
 21796 | D:12     | Reached XP level 14. HP: 113/113 MP: 17/17
 21949 | D:12     | Noticed Azrael
 21967 | D:12     | Killed Azrael
 22137 | D:12     | Found a staircase to the Orcish Mines.
 22303 | D:8      | Bought the ring of Contentment {rElec rPois rN+++ Str+6
                  | Dex-4} for 1002 gold pieces
 22686 | D:13     | Noticed Snorg
 22692 | D:13     | Killed Snorg
 23231 | D:13     | Found a gate to the Vaults.
 24380 | D:14     | Reached skill level 10 in Fighting
 24502 | D:15     | Entered Level 15 of the Dungeon
 24596 | Orc:1    | Entered Level 1 of the Orcish Mines
 24975 | Orc:1    | Noticed Erolcha
 24985 | Orc:1    | Killed Erolcha
 25002 | Orc:1    | Found a runed translucent door.
 25006 | Orc:1    | Noticed Ecaiwiergh's ghost (journeyman FeCK)
 25245 | Orc:1    | Killed Ecaiwiergh's ghost
 25292 | Orc:2    | Entered Level 2 of the Orcish Mines
 25292 | Orc:2    | Noticed Urug
 25302 | Orc:2    | Killed Urug
 25389 | Orc:2    | Noticed an orc warlord
 25422 | Orc:2    | Killed an orc warlord
 25555 | Orc:2    | Found Pugyer's Armour Shop.
 25614 | Orc:2    | Noticed Maurice
 25627 | Orc:2    | Killed Maurice
 25858 | Orc:2    | Reached XP level 15. HP: 107/128 MP: 18/18
 26004 | Orc:2    | Found a staircase to the Elven Halls.
 26079 | Orc:2    | Found Guitei's Antique Armour Shop.
 26479 | Orc:2    | Found Ifohej's Antique Weapon Shoppe.
 26491 | Orc:2    | Found Ceaptena's Antique Armour Emporium.
 26624 | Orc:2    | Bought a pair of embroidered gloves for 202 gold pieces
 28555 | D:15     | Found a staircase to the Depths.
 28685 | D:15     | Upgraded the game from 0.31-a0-851-g7ff8af7976 to
                  | 0.31-a0-854-g362426d53f
 28955 | Snake:1  | Entered Level 1 of the Snake Pit
 29331 | Snake:1  | Noticed Aizul
 29355 | Snake:1  | Killed Aizul
 29522 | Snake:1  | Reached skill level 10 in Dodging
 29945 | Snake:1  | Reached skill level 1 in Evocations
 30643 | Snake:2  | Noticed a nagaraja
 30669 | Snake:2  | Killed a nagaraja
 30834 | Snake:2  | Noticed a nagaraja
 30846 | Snake:2  | Killed a nagaraja
 31018 | Snake:2  | Reached XP level 16. HP: 116/139 MP: 7/19
 31341 | Snake:2  | Reached skill level 5 in Evocations
 31817 | Snake:2  | Reached skill level 1 in Spellcasting
 32359 | Snake:3  | Reached skill level 5 in Necromancy
 32392 | Snake:3  | Learned a level 2 spell: Sublimation of Blood
 33597 | Snake:4  | Entered Level 4 of the Snake Pit
 33811 | Snake:4  | Learned a level 4 spell: Dispel Undead
 34587 | Snake:4  | Reached skill level 5 in Spellcasting
 35025 | Snake:4  | Reached XP level 17. HP: 133/149 MP: 26/30
 35181 | Snake:4  | Found Nyfoech's Assorted Antiques.
 35189 | Snake:4  | Bought 2 potions of heal wounds for 410 gold pieces
 35189 | Snake:4  | Bought a grey potion for 36 gold pieces
 35470 | Snake:4  | Learned a level 4 spell: Animate Dead
 35972 | Snake:4  | Got a serpentine rune of Zot
 36117 | Lair:3   | Upgraded the game from 0.31-a0-854-g362426d53f to
                  | 0.31-a0-868-g674d60d6f7
 36124 | Lair:3   | Learned a level 6 spell: Death Channel
 36130 | Lair:3   | Learned a level 5 spell: Borgnjor's Vile Clutch
 36179 | Shoals:1 | Entered Level 1 of the Shoals
 36186 | Shoals:1 | Found a runed translucent door.
 36189 | Shoals:1 | Noticed Jullin's ghost (adept MiBe)
 36448 | Shoals:1 | Identified the +2 war axe of the Candelabrum {elec, rC+}
 37061 | Shoals:2 | Killed from afar by a wind drake

Illustrated notes

Levels and vault maps discovered:
D:1:      lightli_arrival_quake, layout_loops_cross
D:2:      layout_rooms
D:3:      layout_rooms, xom_butterflies, shapermc_ecumenical_altar_venn
D:4:      layout_layer_cave
D:5:      layout_gridville, nicolae_overflow_two_pavilions,
          kennysheep_okawaru_gauntlet, temple_green, minmay_fractal_squares_5
D:6:      lemuel_slime, layout_basic, nicolae_yredelemnul_corpse_copse,
          mrwooster_statue_mirror, minmay_misc_feat_hallway
D:7:      layout_rooms, marbit_many_paths
D:8:      layout_cave_pods, grunt_nemelex_the_gamble,
          grunt_lair_entry_orc_guard_hut, special_room [special_room_orc],
          serial_shops, shop_statue, shop, nicolae_shop_trees,
          nicolae_stop_n_shop_1, nicolae_shop_trees
D:9:      layout_rooms, kiku_gazebo_garden_becter,
          amethyst_overflow_temple_binary, serial_glass, glass_columns_c,
          glass_columns_a
D:10:     layout_small_grid, mainiacjoe_overflow_tiny_flanked,
          nicolae_gozag_cash_rules_everything_around_me, minmay_bent
D:11:     nzn_winding_woodlands_medium [nzn_winding_woodlands_5x5_closed_star,
          nzn_winding_woodlands_5x15_eye, nzn_winding_woodlands_5x5_open_star,
          nzn_winding_woodlands_5x5_checkerboard,
          nzn_winding_woodlands_center_lodge, nzn_winding_woodlands_5x5_cross,
          nzn_winding_woodlands_5x5_perimeter,
          nzn_winding_woodlands_5x15_parted, nzn_winding_woodlands_5x5_three],
          layout_irregular_city, nicolae_trove_entry_crystal, minivault_10
D:12:     layout_loops_ring, orc_0_dummy, fedhas_altar_2, uniq_azrael,
          uniq_lodul
D:13:     layout_cross, david_vaults_1, uniq_snorg
D:14:     layout_long_grid, nicolae_sif_muna_condensation
D:15:     gammafunk_enter_depths_forms, layout_basic, serial_aquarium,
          aquarium_bridge_square [aquarium_subvault_balcony,
          aquarium_subvault_window, aquarium_subvault_bridge,
          aquarium_subvault_window], aquarium_bridge_straight
          [aquarium_subvault_bridge, aquarium_subvault_window,
          aquarium_subvault_bridge, aquarium_subvault_window],
          aquarium_window_corner, aquarium_window_1, aquarium_window_fake,
          aquarium_view_2a, aquarium_balcony_5a, lemuel_coloured_pillars_altar
Lair:1:   layout_chaotic_city, st_stairs_4
Lair:2:   layout_chaotic_city, minmay_shoals_entry_lonely_mermaid,
          uniq_nergalle, uniq_gastronok
Lair:3:   minmay_lair_oklob_chamber, layout_regular_city,
          guppyfry_snake_entry_garden, basic_altar,
          chequers_serial_rivers_large_a, serial_bayou_shore_a
Lair:4:   layout_cave_shapes, grunt_megastairs_4, infiniplex_staircase_pool
Lair:5:   grunt_lair_end_beastmaster, layout_gridlike, slime_entry_1,
          dreamdust_wasp_nest, infiniplex_staircase_pool_2, uniq_josephine
Shoals:1: layout_shoals, gammafunk_ghost_grave
Shoals:2: cheibrodos_shoals_baths, layout_shoals, nicolae_island_escapes
Snake:1:  nicolae_snake_nest, layout_basic, serial_bayou_ford_a,
          nicolae_snake_guarding_the_ruins, lemuel_fruit_tree, uniq_aizul
Snake:2:  hangedman_cross_stitches, layout_onion_interference
Snake:3:  layout_cave_town, nicolae_triple_integral, grunt_megastairs_2
Snake:4:  grunt_snake_rune_spirals, layout_onion_interference, serial_shops,
          shop_statue, grunt_ministairs_4
Orc:1:    layout_caves, gammafunk_ghost_grave, basic_altar, uniq_erolcha
Orc:2:    grunt_orc_community_town_hall, layout_diamond_mine,
          grunt_orc_community_big_house_2, grunt_orc_community_big_house_2,
          grunt_orc_community_house_3, grunt_orc_community_house_2,
          grunt_orc_community_house_1, grunt_orc_community_house_3,
          grunt_orc_community_house_3, grunt_orc_community_house_2,
          nicolae_orc_rockfall, hangedman_minor_magic, uniq_urug, uniq_maurice

Skill      XL: |  1  2  3  4  5  6  7  8  9 10 11 12 13 14 15 16 17 |
---------------+----------------------------------------------------+-----
Short Blades   | 2 3 4 5 6 7 9 10 | 10.0
Throwing       | 2 |  2.0
Dodging        | 1 2 3 4 5 6 11 12 | 12.0
Fighting       | 2 4 6 7 10 12 13 | 13.0
Stealth        | 4 5 |  5.0
Shields        | 3 5 |  5.0
Armour         | 3 8 10 12 | 12.0
Maces & Flails | 4 7 |  7.4
Necromancy     | 4 7 9 |  9.5
Staves         | 8 13 | 13.2
Evocations     | 4 5 |  5.0
Spellcasting   | 5 7 |  7.6

Action                     |  1- 3 |  4- 6 |  7- 9 | 10-12 | 13-15 | 16-18 || total
---------------------------+-------+-------+-------+-------+-------+-------++-------
  Melee: Dagger            |   169 |   162 |   424 |   816 |       |       ||  1571
         Punch             |     2 |     5 |     6 |       |     1 |       ||    14
         Hand axe          |       |       |     5 |       |       |       ||     5
         Lajatang          |       |       |       |   201 |  1622 |   797 ||  2620
         Flail             |       |       |       |    57 |     7 |       ||    64
  Throw: Javelin           |     1 |     2 |     6 |     1 |       |       ||    10
         Dart              |    27 |    48 |    66 |     5 |     5 |       ||   151
         Boomerang         |       |     4 |    21 |    21 |     1 |       ||    47
   Cast: Animate Dead      |       |       |       |       |       |     3 ||     3
  Evoke: Removed chess pie |       |    14 |     7 |       |       |       ||    21
         Wand              |       |       |     7 |     5 |     8 |     5 ||    25
         Lightning rod     |       |       |       |     9 |     5 |       ||    14
         Phantom mirror    |       |       |       |       |     2 |       ||     2
         Phial of floods   |       |       |       |       |     1 |       ||     1
    Use: Scroll            |     4 |     4 |    13 |     9 |    15 |     9 ||    54
         Potion            |       |     2 |     7 |     1 |     4 |     4 ||    18
   Stab: Sleeping          |     4 |     4 |     2 |       |       |       ||    10
         Distracted        |     1 |     1 |     1 |       |       |       ||     3
         Invisible         |       |       |       |     3 |       |       ||     3
         Paralysed         |       |       |       |     2 |       |       ||     2
 Armour: Robe              |    36 |       |       |       |       |       ||    36
         Leather armour    |    20 |    30 |    48 |       |       |       ||    98
         Plate armour      |       |       |    57 |   716 |  1148 |   568 ||  2489
  Dodge: Dodged            |   103 |    85 |   206 |   275 |   500 |   381 ||  1550
  Block: Buckler           |       |       |    24 |   192 |       |       ||   216

Table legend: (Time is in decaauts)
 A = Elapsed time spent in this place.
 B = Non-inter-level travel time spent in this place.
 C = Inter-level travel time spent in this place.
 D = Time resting spent in this place.
 E = Time spent auto-exploring this place.
 F = Levels seen in this place.
 G = Mean time per level.
                   A        B        C        D        E       F      G
               +--------+--------+--------+--------+--------+-----+--------+
         Total |  36947 |  34365 |   2582 |   6250 |  16764 |  28 | 1319.5 |
       Dungeon |  20142 |  18643 |   1499 |   4409 |   8807 |  15 | 1342.8 |
          Lair |   6747 |   6181 |    566 |    600 |   2968 |   5 | 1349.4 |
        Shoals |    964 |    947 |     17 |     99 |    560 |   2 |  482.0 |
     Snake Pit |   6993 |   6649 |    344 |   1112 |   3064 |   4 | 1748.2 |
  Orcish Mines |   2099 |   1945 |    154 |     29 |   1363 |   2 | 1049.5 |
               +--------+--------+--------+--------+--------+-----+--------+

Top non-repeatable levels by time:
     D:6: 2872 daAuts
 Snake:4: 2294 daAuts
     D:4: 1980 daAuts
    D:15: 1937 daAuts
     D:5: 1870 daAuts
 Snake:1: 1669 daAuts
  Lair:3: 1665 daAuts
 Snake:2: 1620 daAuts
  Lair:5: 1618 daAuts
    D:11: 1507 daAuts
  Lair:2: 1446 daAuts
   Orc:2: 1438 daAuts
 Snake:3: 1408 daAuts
  Lair:1: 1328 daAuts
     D:3: 1281 daAuts
